 Dungeon Crawl Stone Soup version 0.27-a0-668-gb5737ff2c0 (webtiles) character file.

Game seed: 12958391061480636339

42 robertstho the Ducker (level 3, 0/36 HPs)
             Began as a Troll Fighter on Mar 17, 2021.
             Slain by a gnoll (7 damage)
             ... on level 1 of the Dungeon.
             The game lasted 00:01:01 (940 turns).

robertstho the Ducker (Troll Fighter)                Turns: 940, Time: 00:01:01

Health: 0/36       AC:  4    Str: 24    XL:     3   Next: 33%
Magic:  2/2        EV:  8    Int:  5    God:
Gold:   74         SH:  8    Dex:  9    Spells: 2/2 levels left

rFire    . . .     SeeInvis .     - Unarmed
rCold    . . .     Faith    .   b - +0 kite shield
rNeg     . . .     Spirit   .   a - +0 robe
rPois    .         Reflect  .   (helmet restricted)
rElec    .         Harm     .   (no cloak)
rCorr    .         Rampage  .   (gloves unavailable)
Will     .....                  (boots unavailable)
Stlth    +.........             (no amulet)
HPRegen  1.12/turn              (no ring)
MPRegen  0.08/turn              (no ring)

@: no status effects
A: large, unfitting armour, claws 3, regeneration 1, shaggy fur 1, tough skin 1
a: no special abilities


You were on level 1 of the Dungeon.
You visited 1 branch of the dungeon, and saw 2 of its levels.

You collected 74 gold pieces.

Inventory:

Armour
 a - a +0 robe (worn)
 b - a +0 kite shield (worn)
Scrolls
 e - 3 scrolls of identify {unknown}
 f - a scroll of random uselessness {unknown}
Potions
 c - a potion of might
 d - 2 potions of heal wounds {unknown}


   Skills:
 * Level 2.7 Fighting
 + Level 2.8 Dodging
 + Level 2.7 Shields
 * Level 2.6 Unarmed Combat


You had 2 spell levels left.
You didn't know any spells.
Your spell library was empty.

Dungeon Overview and Level Annotations

Branches:
Dungeon (2/15)

Altars:


Innate Abilities, Weirdness & Mutations

You are too large for most types of armour.
You have claws for hands.
Your natural rate of healing is unusually fast.
You are covered in fur. (AC +1)
You have tough skin. (AC +1)


Message History

The gnoll barely misses you. x2
You scratch the gnoll.
The gnoll is moderately wounded.
The gnoll barely misses you. You block the gnoll's attack.
You completely miss the gnoll.
The gnoll is moderately wounded.
The gnoll barely misses you. The gnoll hits you.
You scratch the gnoll.
The gnoll is severely wounded.
The gnoll closely misses you. You block the gnoll's attack.
You scratch the gnoll.
The gnoll is almost dead.
The gnoll hits you from afar with a +0 spear!
The gnoll hits you. The gnoll closely misses you. The gnoll hits you.
You are too injured to fight recklessly!
You are too injured to fight recklessly!
You are too injured to fight recklessly!
You are too injured to fight recklessly!
You are too injured to fight recklessly!
You are too injured to fight recklessly!
You are too injured to fight recklessly!
You are too injured to fight recklessly!
You are too injured to fight recklessly!
You are too injured to fight recklessly!
You are too injured to fight recklessly!
You are too injured to fight recklessly!
You are too injured to fight recklessly!
You are too injured to fight recklessly!
Unknown command.
There is an escape hatch in the ceiling here.
The gnoll hits you from afar with a +0 spear!
* * * LOW HITPOINT WARNING * * *
A mysterious force pulls you upwards. The hatch slams shut behind you.
Unknown command.
You scratch the gnoll but do no damage.
The gnoll is severely wounded.
The gnoll hits you.
* * * LOW HITPOINT WARNING * * *
The gnoll hits you!
You die...

#.########.##.##.#.#
#.....#
..............##.#.#
#.....#
..########.#####.#.#
#.....# ..########..#
#.#.# #.....#
.........##.## #.#.#
####### ..######.##..#
#.#.# ..# ##.###.#
#.#.########## ..#
#......# #............#
..#
#....(.###@g..........#
..#
#.......##............#
###
##.....#.##............#
#......#..#............#
#......##.#............#
#......##.#.#.##########
#......##.#.#.#
#......##...#.#
#......###..#.#


You could see a gnoll.

Vanquished Creatures
  A gnoll (D:2)
  A giant cockroach (D:2)
  A goblin (D:2)
  5 hobgoblins (D:1)
  9 jackals (D:1)
  3 bats (D:1)
  3 frilled lizards (D:1)
  2 kobolds (D:1)
  3 rats (D:1)
28 creatures vanquished.

Notes
Turn   | Place    | Note
-------+----------+-------------------------------------------
     0 | D:1      | robertstho the Troll Fighter began the quest for the Orb.
     0 | D:1      | Reached XP level 1. HP: 22/22 MP: 0/0
    60 | D:1      | Reached XP level 2. HP: 29/29 MP: 1/1
   829 | D:1      | Reached XP level 3. HP: 36/36 MP: 2/2
   940 | D:1      | Slain by a gnoll

Illustrated notes

Levels and vault maps discovered:
D:1:      saegor_arrival_simple_b, layout_basic, chequers_decorated_corner
D:2:      layout_loops_ring, uniq_crazy_yiuf_cottage

Action                   || total
-------------------------++-------
Melee: Unarmed           ||    91
 Stab: Sleeping          ||     1
Armor: Robe              ||    26
Dodge: Dodged            ||    39
Block: Kite shield       ||    37

Table legend: (Time is in decaauts)
 A = Elapsed time spent in this place.
 B = Non-inter-level travel time spent in this place.
 C = Inter-level travel time spent in this place.
 D = Time resting spent in this place.
 E = Time spent auto-exploring this place.
 F = Levels seen in this place.
 G = Mean time per level.
                   A        B        C        D        E       F      G
               +--------+--------+--------+--------+--------+-----+--------+
         Total |    955 |    910 |     45 |      0 |    717 |   2 |  477.5 |
       Dungeon |    955 |    910 |     45 |      0 |    717 |   2 |  477.5 |
               +--------+--------+--------+--------+--------+-----+--------+

Top non-repeatable levels by time:
     D:1: 888 daAuts
     D:2: 66 daAuts
